Get step-by-step instructions on how to execute this build order below. Start the game timer, and the build order will tick by so you can play in parallel with StarCraft on a second screen or mobile device.

Game Time

  0:00

Last Step

  N/A

Next Step

Upcoming Step



Don't want to look back and forth between 2 screens? Try out our Overwolf App, the Spawning Tool Build Advisor to get an in-game overlay with this build!

Complete Build Order

  12  0:28  Pylon  
  12  0:29  Assimilator  
  12  0:37  Probe  
  13  0:56  Probe  
  13  0:58  Gateway  
  14  1:04  Probe  
  15  1:13  Probe  
  16  1:22  Pylon  
  16  1:25  Probe  
  17  1:38  Probe  
  18  1:57  Cybernetics Core  
  18  1:58  Assimilator  
  19  2:08  Probe  
  19  2:09  Pylon  
  19  2:12  Zealot  
  21  2:20  Probe  
  22  2:32  Zealot, Probe  
  25  2:44  Probe  
  25  2:49  Stargate  
  26  2:59  Zealot  
  28  3:06  Protoss Air Weapons Level 1  
  28  3:26  Zealot  
  30  3:27  Pylon  
  30  3:38  Oracle  
  33  3:53  Zealot  
  35  4:05  Oracle  
  35  4:13  Nexus  
  38  4:19  Forge  
  38  4:29  Zealot  
  40  4:44  Pylon  
  40  4:48  Gateway  
  40  4:53  Probe  
  40  4:57  Protoss Ground Weapons Level 1  
  41  5:06  Photon Cannon  
  43  5:24  Sentry  
  43  5:50  Stalker  
  43  5:52  Stalker  
  41  6:10  Pylon  
  37  6:20  Stalker  
  37  6:22  Stalker  
  27  6:51  Protoss Ground Armor Level 1  
  27  6:52  Stalker  
  29  6:59  Zealot  
  31  7:04  Probe  
  32  7:13  Probe  
  32  7:22  Stalker, Probe  
  35  7:25  Zealot  
  38  7:34  Probe  
  39  7:43  Zealot  
  39  7:44  Photon Cannon  
  39  7:46  Probe  
  40  7:52  Zealot  
  44  8:10  Assimilator, Zealot  
  44  8:12  Phoenix  
  48  8:15  Assimilator, Zealot  
  50  8:26  Probe  
  50  8:34  Probe, Fleet Beacon  
  51  8:36  Phoenix, Zealot  
  51  8:37  Zealot  
  56  8:43  Probe  
  59  9:01  Phoenix  
  61  9:03  Adept  
  61  9:07  Protoss Shields Level 1  
  61  9:09  Probe  
  64  9:17  Probe  
  65  9:26  Phoenix, Probe  
  65  9:30  Adept  
  70  9:38  Sentry, Probe  
  73  9:50  Probe  
  73  9:51  Phoenix  
  76  9:56  Pylon  
  76  10:04  Sentry  
  86  10:14  Mothership  
  86  10:16  Pylon  
  86  10:19  Pylon  
  86  10:34  Sentry, Zealot  
  90  10:42  Pylon  
  90  10:55  Carrier  
  84  11:01  Zealot  
  92  11:24  Zealot  
  96  11:32  Zealot  
  96  11:45  Zealot  
  98  11:59  Zealot  
  98  12:00  Pylon  
  100  12:12  Zealot  
  100  12:13  Carrier  
  108  12:27  Adept  
  110  12:58  Twilight Council  
  110  13:12  Pylon  
  110  13:16  Pylon  
  110  13:22  Photon Cannon  
  110  13:25  Photon Cannon  
  110  13:30  Adept, Zealot  
  110  13:31  Nexus  
  114  13:35  Probe  
  114  13:38  Carrier  
  121  13:43  Probe  
  122  13:53  Probe  
  123  13:57  Zealot  
  125  14:15  Shield Battery  
  125  14:18  Shield Battery  
  125  14:30  Pylon  
  125  14:40  Resonating Glaives  
  125  14:41  Pylon  
  125  14:42  Adept x2  
  125  14:45  Pylon  
  127  15:10  Assimilator  
  127  15:12  Assimilator  
  127  15:14  Adept  
  127  15:15  Probe  
  127  15:16  Adept  
  128  15:28  Probe  
  133  15:38  Adept  
  133  15:40  Adept, Probe  
  136  15:45  Protoss Shields Level 2  
  136  15:49  Photon Cannon  
  138  15:52  Probe, Photon Cannon  
  139  16:02  Carrier  
  146  16:04  Probe  
  146  16:05  Adept  
  146  16:08  Adept, Graviton Catapult  
  150  16:13  Protoss Air Armor Level 1  
  150  16:20  Charge  
  150  16:26  Stargate  
  150  16:28  Adept  
  150  16:31  Adept  
  150  16:39  Dark Shrine  
  154  16:50  Adept  
  154  16:52  Adept  
  158  17:05  Anion Pulse-Crystals  
  158  17:17  Zealot  
  158  17:19  Adept  
  162  17:31  Gateway  
  162  17:32  Gateway  
  162  17:46  Adept  
  164  18:01  Protoss Ground Armor Level 2, Photon Cannon  
  164  18:03  Photon Cannon  
  164  18:06  Photon Cannon  
  164  18:07  Protoss Air Weapons Level 2  
  164  18:17  Pylon  
  164  18:19  Pylon  
  164  18:26  Adept  
  164  18:30  Carrier  
  162  19:16  Robotics Facility  
  162  19:27  Dark Templar  
  162  19:29  Dark Templar  
  166  19:58  Dark Templar  
  166  20:00  Dark Templar  
  160  20:35  Dark Templar  
  160  20:38  Dark Templar